 Dungeon Crawl Stone Soup version 0.18.1-48-g4cf74bf (webtiles) character file.

242 LaserPewPew the Shield-Bearer (level 6, 0/48 HPs)
             Began as a Formicid Fighter on Sept 5, 2016.
             Succumbed to Sigmund's poison
             ... on level 2 of the Dungeon.
             The game lasted 00:26:54 (1599 turns).

LaserPewPew the Shield-Bearer (Formicid Fighter)    Turns: 1599, Time: 00:26:55

Health: 0/48       AC:  8    Str: 20 (22) XL:     6   Next: 31%
Magic:  6/6        EV:  9    Int: 13      God:
Gold:   35         SH:  9    Dex: 10      Spells: 0 memorised, 5 levels left

rFire  . . .     SeeInvis +     h - +1 scythe (venom)
rCold  . . .     Gourm    .     b - +0 scale mail
rNeg   . . .     Faith    .     c - +0 shield
rPois  .         Spirit   .     (helmet unavailable)
rElec  .         Dismiss  .     o - +0 cloak
rCorr  .         Reflect  .     (no gloves)
SustAt .         Harm     +     (no boots)
MR     +....                    i - amulet of harm
Stlth  ..........               (no ring)
                                j - ring of protection from magic

@: brilliant, lethally poisoned (0 -> -4), somewhat resistant to hostile
enchantments, extremely unstealthy
A: permanent stasis, dig shafts and tunnels, four strong arms, antennae 3
a: Dig, Shaft Self


You were on level 2 of the Dungeon.
You were not hungry.

You visited 1 branch of the dungeon, and saw 2 of its levels.

You collected 35 gold pieces.

Inventory:

Hand Weapons
 a - a +0 flail
 d - a +0 hunting sling
 h - a +1 scythe of venom (weapon)
Missiles
 e - 18 stones (quivered)
 f - a throwing net
 g - 33 arrows
 n - 24 sling bullets
Armour
 b - a +0 scale mail (worn)
 c - a +0 shield (worn)
 o - a +0 cloak (worn)
Jewellery
 i - an amulet of harm (around neck)
 j - a ring of protection from magic (left hand)
Wands
 l - a wand of confusion (31/48)
 m - a wand of confusion (18/48)
Scrolls
 k - 2 scrolls of remove curse


   Skills:
 + Level 4.1 Fighting
 + Level 2.8 Maces & Flails
 + Level 4.7 Armour
 + Level 1.7 Dodging
 + Level 0.3 Stealth
 + Level 5.1 Shields


You had 5 spell levels left.
You didn't know any spells.

Dungeon Overview and Level Annotations

Branches:
Dungeon (2/15)

Altars:
Xom


Innate Abilities, Weirdness & Mutations

You are under a permanent stasis effect.
You can dig through walls and to a lower floor.
Your four strong arms can wield two-handed weapons with a shield.
You have a pair of large antennae on your head (SInv).


Message History

You feel sick.
* * * LOW HITPOINT WARNING * * *
You feel sick.
* * * LOW HITPOINT WARNING * * *
You feel sick.
You see here an amethyst potion.
p - an amethyst potion
* * * LOW HITPOINT WARNING * * *
You feel sick.
It was a potion of brilliance.
You feel clever all of a sudden.
* * * LOW HITPOINT WARNING * * *
You feel sick.
* * * LOW HITPOINT WARNING * * *
You feel sick.
* * * LOW HITPOINT WARNING * * *
You feel sick.
* * * LOW HITPOINT WARNING * * *
You feel sick.
You die...

.........###
#......... .
>#.#####.#
#....###....
.#.....#.#
#.$)[.......
.#####.#.#
#...####....
.......#.#
#...# .
########.#
#.$.# ..#
#...+ ###
#...# #@..#
##### { {


There were no monsters in sight!

Vanquished Creatures
  Sigmund (D:2)
  Ijyb (D:2)
  Natasha (D:2)
  2 dart slugs (D:1)
  A giant gecko (D:1)
  5 bats
  A giant cockroach (D:2)
  7 goblins (D:1)
  3 hobgoblins
  3 giant newts (D:1)
  6 kobolds
  11 rats
42 creatures vanquished.

Notes
Turn   | Place    | Note
--------------------------------------------------------------
     0 | D:1      | LaserPewPew the Formicid Fighter began the quest for the Orb.
     0 | D:1      | Reached XP level 1. HP: 18/18 MP: 1/1
   274 | D:1      | Reached XP level 2. HP: 7/24 MP: 2/2
   760 | D:1      | Reached XP level 3. HP: 29/29 MP: 3/3
   888 | D:1      | Reached skill level 4 in Shields
  1203 | D:2      | Found a shimmering altar of Xom.
  1263 | D:2      | Noticed Natasha
  1265 | D:2      | Noticed Ijyb
  1274 | D:2      | Killed Natasha
  1274 | D:2      | Reached XP level 4. HP: 18/35 MP: 4/4
  1278 | D:2      | Killed Ijyb
  1278 | D:2      | Reached skill level 1 in Dodging
  1558 | D:2      | Noticed Sigmund
  1576 | D:2      | Killed Sigmund
  1576 | D:2      | Reached skill level 5 in Shields
  1576 | D:2      | Reached XP level 5. HP: 27/42 MP: 5/5
  1576 | D:2      | Reached XP level 6. HP: 31/48 MP: 6/6
  1594 | D:2      | HP: 2/48 [poisoned by Sigmund]
  1599 | D:2      | Succumbed to Sigmund's poison

Skill      XL: |  1  2  3  4 |
---------------+-------------+-----
Shields        | 4 5 |  5.1
Armour         | 4 |  4.7
Dodging        | 1 |  1.7
Fighting       | 4 |  4.1
Maces & Flails | |  2.8
Stealth        | |  0.3

Action                   |  1- 3 |  4- 6 || total
-------------------------+-------+-------++-------
Melee: Flail             |   103 |    40 ||   143
  Use: Potion            |     2 |     3 ||     5
       Scroll            |     2 |       ||     2
  Eat: Bread ration      |     1 |       ||     1
Armor: Scale mail        |    39 |    24 ||    63
Dodge: Dodged            |    33 |    15 ||    48
Block: Shield            |    60 |    28 ||    88
